 Dungeon Crawl Stone Soup version 0.25-a0-804-g50c693f418 (webtiles) character file.

Game seed: 8369156280512302522, levelgen mode: deterministic

43 Esekla the Stinger (level 3, -2/20 HPs)
             Began as a Tengu Venom Mage on Apr 19, 2020.
             Was an Initiate of Vehumet.
             Slain by Natasha (6 damage)
             ... on level 2 of the Dungeon.
             The game lasted 00:09:29 (1439 turns).

Esekla the Stinger (Tengu Venom Mage)               Turns: 1439, Time: 00:09:32

Health: -2/20      AC:  2    Str:  8    XL:     3   Next: 58%
Magic:  1/7        EV: 13    Int: 16    God:    Vehumet [......]
Gold:   140        SH:  0    Dex: 14    Spells: 0/6 levels left

rFire    . . .     SeeInvis .   h - +0 long sword
rCold    . . .     Gourm    .   (no shield)
rNeg     . . .     Faith    .   a - +0 robe
rPois    .         Spirit   .   (helmet restricted)
rElec    .         Reflect  .   (no cloak)
rCorr    .         Harm     .   (no gloves)
MR       .....                  (boots unavailable)
Stlth    ++........             (no amulet)
HPRegen  0.06/turn              (no ring)
MPRegen  0.10/turn              (no ring)

@: very slightly contaminated
A: beak, talons 3
a: Renounce Religion


You were on level 2 of the Dungeon.
You worshipped Vehumet.
Vehumet was noncommittal.
You were hungry.

You visited 1 branch of the dungeon, and saw 2 of its levels.

You collected 140 gold pieces.

Inventory:

Hand Weapons
 b - a +0 dagger
 d - a +0 spear
 h - a +0 long sword (weapon)
Missiles
 m - 4 boomerangs of dispersal (quivered)
Armour
 a - a +0 robe (worn)
Scrolls
 g - a scroll of fear {unknown}
 i - 2 scrolls of identify {unknown}
 n - a scroll of remove curse {unknown}
 o - a scroll of enchant weapon {unknown}
 p - a scroll of enchant armour {unknown}
Potions
 e - a potion of berserk rage {unknown}
 f - a potion of brilliance {unknown}
 j - a potion of ambrosia {unknown}
 k - a potion of cancellation {unknown}
 l - 2 potions of curing
Comestibles
 c - 2 rations


   Skills:
 + Level 1.1 Fighting
 + Level 1.5(1.6) Short Blades
 * Level 0.4(1.1) Long Blades
 + Level 2.3 Dodging
 - Level 2.0 Stealth
 * Level 2.4 Spellcasting
 * Level 0.2 Conjurations
 - Level 0.7 Transmutations
 * Level 1.3 Air Magic
 - Level 3.0 Poison Magic


You couldn't memorise any spells.
You knew the following spells:

 Your Spells              Type           Power        Failure   Level  Hunger
a - Sting                 Tmut/Pois      #...         10%         1    #......
c - Mephitic Cloud        Conj/Pois/Air  #.......     32%         3    ###....
v - Poisonous Vapours     Pois/Air       #.....       12%         2    ###....

Your spell library contained the following spells:

 Spells                   Type           Power        Failure   Level  Hunger
 Ignite Poison            Fire/Tmut/Pois #.......     34%         3    ###....
 Olgreb's Toxic Radiance  Pois           ##......     50%         4    #####..


Dungeon Overview and Level Annotations

Branches:
Dungeon (2/15)

Altars:
Vehumet

Annotations:
D:2 Natasha


Innate Abilities, Weirdness & Mutations

You have a beak for a mouth.
You have claws for feet.


Message History

The goblin is heavily wounded.
* * * LOW HITPOINT WARNING * * *
You feel sick.
Natasha is engulfed in noxious fumes.
Natasha appears confused.
A rat comes into view.
The goblin misses you.
It was a potion of curing.
You feel better.
Natasha is engulfed in noxious fumes.
Natasha appears confused.
Natasha claws you.
* * * LOW HITPOINT WARNING * * *
The goblin barely misses you.
You barely miss the goblin.
The goblin is heavily wounded.
Natasha closely misses you. The goblin closely misses you.
You are feeling hungry.
You slash the goblin!
You kill the goblin!
Vehumet accepts your kill.
The rat twitches its whiskers.
Natasha claws you.
You die...

#.. #### ####### +... ..
.. ##...... ... .###.#
#....... ..###.. #..
#....... # r....
##.##....... #. ...
.##..#.......
#.###)###.##.....†....
##..#.@h#..##...#####†#
#..$.._.........# #.#
#...#...#.).##.)## #.#
#... ##.###..##...####.#
......#...#......h.......
##...!..†....#####.#####.
#.......##......#..# #.
###+#####.........####.
#.....[##.##...


You could see Natasha (confused) and a rat.

Vanquished Creatures
  An adder (D:2)
  2 worms (D:2)
  A dart slug (D:1)
  A giant cockroach (D:2)
  5 goblins
  A hobgoblin (D:1)
  2 jackals (D:1)
  4 kobolds
  2 bats (D:1)
  2 frilled lizards (D:1)
  5 rats
26 creatures vanquished.

Notes
Turn   | Place    | Note
-------+----------+-------------------------------------------
     0 | D:1      | Esekla the Tengu Venom Mage began the quest for the Orb.
     0 | D:1      | Reached XP level 1. HP: 10/10 MP: 4/4
   223 | D:1      | Reached skill level 1 in Fighting
   231 | D:1      | Reached XP level 2. HP: 12/16 MP: 3/6
   252 | D:1      | Learned a level 2 spell: Poisonous Vapours
   738 | D:1      | Reached skill level 1 in Air Magic
  1241 | D:2      | Reached skill level 1 in Short Blades
  1241 | D:2      | Reached XP level 3. HP: 17/20 MP: 0/7
  1246 | D:2      | Learned a level 3 spell: Mephitic Cloud
  1360 | D:2      | Noticed Natasha
  1422 | D:2      | Found a radiant altar of Vehumet.
  1430 | D:2      | Became a worshipper of Vehumet
  1439 | D:2      | Slain by Natasha

Levels and vault maps discovered:
D:1:      shiori_arrival_elements, layout_loops_corners
D:2:      layout_basic, vehumet_crystals, eat_drink_and_be_merry_uskayaw,
          first_ration, uniq_natasha, uniq_terence

Skill      XL: |  1  2 |
---------------+-------+-----
Fighting       | 1 |  1.1
Air Magic      | 1 |  1.3
Short Blades   | 1 |  1.5
Long Blades    | |  0.4
Dodging        | |  2.3
Stealth        | |  2.0
Spellcasting   | |  2.4
Conjurations   | |  0.2
Transmutations | |  0.7
Poison Magic   | |  3.0

Action                   || total
-------------------------++-------
Melee: Dagger            ||    19
       Kick              ||     9
       Peck              ||     7
       Long sword        ||    29
 Cast: Sting             ||     2
       Poisonous Vapours ||     8
       Mephitic Cloud    ||     1
  Use: Potion            ||     1
 Stab: Sleeping          ||     7
  Eat: Chunk             ||     2
Armor: Robe              ||     8
Dodge: Dodged            ||    29
       Rpst.: Long sword ||     3

Table legend:
 A = Non-vault XP
 B = Vault XP
 C = Vault XP percentage of total XP
 D = Non-vault monster count
 E = Vault monster count
 F = Vault count percentage of total count
                 A         B        C        D         E       F
            +---------+---------+-------+---------+---------+-------
      Total |      62 |       0 |   0.0 |      26 |       0 |   0.0
            +---------+---------+-------+---------+---------+-------
        D:1 |      30 |       0 |   0.0 |      18 |       0 |   0.0
        D:2 |      32 |       0 |   0.0 |       8 |       0 |   0.0
            +---------+---------+-------+---------+---------+-------
